AoeStats
← leedog64

MegaRandom

505806762Analyzed
4v4 RM · 20d ago on Sep 11, 2026· 30m 31s· 8 players
Game mode
Random Map
Map size
Large (8 player)
Population
200
Speed
Normal
Resources
Standard
Victory
Conquest
Starting age
Dark Age
Ending age
Imperial Age
RankedLock teamsTeams togetherTeam positionsShared explorationLock speedFull tech treeHidden civsTurbo modeCheats
Victory
Defeat
🇺🇸 Vikings · United States
1250
+13
🇨🇳 Portuguese · China
1244
+13
🇦🇷 Khmer · Argentina
1177
+16
🇺🇸 Mongols · United States
1146
+17
🇲🇽 Britons · Mexico
1225
-16
🇲🇽 Ethiopians · Mexico
1195
-16
🇲🇽 Mongols · Mexico
1164
-14
🇬🇹 Khmer · Guatemala
1145
-13
Toasty
5:25 Loom
11:32 Feudal Age
15:01 Double-Bit Axe
14:59 Horse Collar
17:48 Castle Age
18:30 Pikeman
19:10 Town Watch
20:27 Squires
22:24 Scale Mail Armor
26:54 Man-at-Arms
27:48 Forging
27:29 Fletching
27:55 Heavy Plow
30:35 Imperial Age
27:59 Long Swordsman
29:59 Chain Mail Armor
The beast
6:32 Loom
9:36 Feudal Age
10:26 Double-Bit Axe
11:36 Forging
24:07 Castle Age
22:14 Horse Collar
23:19 Scale Barding Armor
24:09 Bloodlines
25:35 Heavy Plow
26:49 Wheelbarrow
墨染灬青丝丶
9:15 Loom
12:00 Feudal Age
12:45 Double-Bit Axe
14:44 Wheelbarrow
18:28 Fishing Lines
18:33 Horse Collar
21:55 Castle Age
24:57 Bow Saw
26:16 Gillnets
32:02 Imperial Age
leedog64
12:30 Loom
14:16 Feudal Age
15:04 Double-Bit Axe
16:52 Forging
16:48 Scale Barding Armor
18:46 Castle Age
17:52 Bloodlines
20:12 Iron Casting
20:20 Husbandry
Dinospunker
7:57 Loom
10:13 Feudal Age
10:46 Double-Bit Axe
13:00 Fletching
21:15 Castle Age
19:13 Gold Mining
20:39 Padded Archer Armor
21:29 Crossbowman
22:05 Bodkin Arrow
22:40 Leather Archer Armor
23:37 Bow Saw
DevilRunner
5:57 Loom
8:35 Feudal Age
9:09 Double-Bit Axe
17:43 Wheelbarrow
17:08 Horse Collar
22:50 Castle Age
21:37 Scale Barding Armor
22:21 Bloodlines
22:44 Forging
JU ju Ju
6:51 Loom
10:42 Feudal Age
11:48 Double-Bit Axe
19:51 Fletching
26:32 Castle Age
27:20 Crossbowman
29:13 Wheelbarrow
El Pesadillas
12:14 Feudal Age
15:33 Castle Age
14:21 Double-Bit Axe
14:20 Horse Collar
17:16 Horse Collar
18:52 Bloodlines
19:43 Husbandry
20:40 Loom
21:31 Wheelbarrow
27:28 Bow Saw
29:54 Forging
31:20 Iron Casting
Connection lost

Rejoining the realm…

Still unreachable

The connection could not be restored.

Session expired

The server has moved on; the page needs a fresh start.